 Dungeon Crawl Stone Soup version 0.16-a0-3338-g5ad3fa0 (console) character file.

161 GreatCaesar the Sneak (level 5, -2/25 HPs)
             Began as a Spriggan Assassin on Dec 28, 2014.
             Was a Follower of Pakellas.
             Killed from afar by Blork the orc (7 damage)
             ... with a wand of magic darts
             ... on level 4 of the Dungeon.
             The game lasted 00:14:45 (3499 turns).

GreatCaesar the Sneak (Spriggan Assassin)           Turns: 3499, Time: 00:14:45

Health: -2/25      AC:  3    Str:  7    XL:     5   Next: 18%
Magic:  10/10      EV: 22    Int: 13    God:    Pakellas [*.....]
Gold:   189        SH:  0    Dex: 18    Spells: 0 memorised, 4 levels left

rFire  . . .     SeeInvis +     a - +1 rapier (drain)
rCold  . . .     Clarity  .     c - +0 robe
rNeg   . . .     SustAb   .     (shield restricted)
rPois  .         Gourm    .     (helmet restricted)
rElec  .         Spirit   .     d - +0 cloak
rCorr  .         Warding  .     (gloves unavailable)
rMut   .         Stasis   .     (boots unavailable)
MR     .....                    (no amulet)
Stlth  ++++......               A - +1 ring of evasion
                                s - ring of teleport control

@: very quick, not resistant to hostile enchantments, stealthy
A: unfitting armour, see invisible, herbivore 3, speed 3, slow metabolism 2
a: Minor Device Surge, Renounce Religion, Evoke Teleport Control


You were on level 4 of the Dungeon.
You worshipped Pakellas.
Pakellas was aware of your devotion.
You were not hungry.

You visited 1 branch of the dungeon, and saw 4 of its levels.

You collected 189 gold pieces.

Inventory:

Hand weapons
 a - a +1 rapier of draining (weapon)
 b - a +0 blowgun
 t - a +2 dagger
 y - a +0 hunting sling
Missiles
 e - 7 poisoned needles
 f - 8 curare-tipped needles
 h - 112 stones (quivered)
 j - 3 tomahawks
 q - 3 needles of frenzy
 x - 5 poisoned tomahawks
Armour
 c - a +0 robe (worn)
 d - a +0 cloak (worn)
Jewellery
 s - a ring of teleport control (left hand)
 A - a +1 ring of evasion (right hand)
Scrolls
 i - 2 scrolls of enchant armour {unknown}
 m - a scroll of amnesia {unknown}
 o - 2 scrolls of teleportation {unknown}
 p - 2 scrolls of blinking {unknown}
 u - 4 scrolls of identify {unknown}
 w - a scroll of immolation {unknown}
 z - a scroll of remove curse {unknown}
Potions
 l - a potion of agility {unknown}
 n - a potion of curing
 r - 2 potions of heal wounds {unknown}
 v - a potion of ambrosia {unknown}
Comestibles
 g - 3 bread rations
 k - a royal jelly


   Skills:
 - Level 1.5 Fighting
 * Level 3.2 Short Blades
 - Level 2.1 Throwing
 * Level 5.2 Dodging
 + Level 7.3 Stealth


You had 4 spell levels left.
You didn't know any spells.

Dungeon Overview and Level Annotations

Branches:
Dungeon (4/15)
 Temple: D:4-7

Altars:
Gozag
Kikubaaqudgha
Pakellas
Xom
Yredelemnul
The Shining One

Shops:
D:3 *

Annotations:
D:4 Imps with chaos daggers, 1 exclusion, Blork the orc


Innate Abilities, Weirdness & Mutations

You are tiny and cannot use many weapons and most armour.
You have supernaturally acute eyesight.
You are a herbivore.
You cover ground extremely quickly.
You need consume almost no food.


Message History

* * * LOW HITPOINT WARNING * * *
You hit Blork the orc.
Blork the orc is lightly wounded.
Blork the orc gestures at you while chanting.
The puff of frost misses you.
You hit Blork the orc.
Blork the orc is moderately wounded.
Blork the orc misses you.
You barely miss Blork the orc.
Blork the orc is moderately wounded.
Blork the orc zaps a wand.
The magic dart hits you!
* * * LOW HITPOINT WARNING * * *
Drink which item? (? for menu, Esc to quit)
It was a potion of curing.
You feel better.
Blork the orc zaps a wand.
The magic dart hits you!
* * * LOW HITPOINT WARNING * * *
You hit Blork the orc.
Blork the orc is heavily wounded.
Blork the orc zaps a wand.
The magic dart hits you!
You die...

#####
#...#############
+o@.'..........>#
#...###########.#
##### #.#
#################.#
#.................###
#.######...######....
#..........# ###.##
#######....# #.....
#.#### ##.####


You could see Blork the orc.

Vanquished Creatures
  Ijyb (D:2)
  4 adders
  A worm (D:3)
  4 giant geckos
  An ooze (D:2)
  12 orcs
  10 bats
  7 giant cockroaches
  6 goblins
  5 hobgoblins
  8 jackals (D:1)
  12 kobolds
  7 giant newts
  5 rats
83 creatures vanquished.

Notes
Turn   | Place    | Note
--------------------------------------------------------------
     0 | D:1      | GreatCaesar, the Spriggan Assassin, began the quest for the Orb.
     0 | D:1      | Reached XP level 1. HP: 10/10 MP: 2/2
    91 | D:1      | Reached skill level 6 in Stealth
   292 | D:1      | Reached XP level 2. HP: 2/14 MP: 4/4
  1024 | D:1      | Reached XP level 3. HP: 14/18 MP: 6/6
  1629 | D:2      | Found a glowing golden altar of the Shining One.
  1928 | D:2      | Reached XP level 4. HP: 22/22 MP: 8/8
  1951 | D:2      | Reached skill level 7 in Stealth
  2148 | D:2      | Noticed Ijyb
  2154 | D:2      | Killed Ijyb
  2274 | D:3      | Found a basalt altar of Yredelemnul.
  2286 | D:3      | Found an oddly glowing altar of Pakellas.
  2294 | D:3      | Became a worshipper of Pakellas the Inventive
  2528 | D:3      | Found Gozag's Platinum Reserve.
  2529 | D:3      | Found an opulent altar of Gozag.
  2852 | D:3      | Reached XP level 5. HP: 15/25 MP: 10/10
  2955 | D:3      | Reached skill level 5 in Dodging
  3164 | D:4      | Found a shimmering altar of Xom.
  3287 | D:3      | Acquired Pakellas' first power
  3403 | D:4      | Found an ancient bone altar of Kikubaaqudgha.
  3488 | D:4      | Noticed Blork the orc
  3499 | D:4      | Killed from afar by Blork the orc

Action                   |  1- 3 |  4- 6 || total
-------------------------+-------+-------++-------
Melee: Dagger            |   126 |       ||   126
       Rapier            |    24 |    81 ||   105
 Fire: Blowgun           |     7 |       ||     7
Throw: Stone             |     8 |       ||     8
  Use: Potion            |       |     1 ||     1
 Stab: Sleeping          |     4 |     8 ||    12
       Distracted        |       |     1 ||     1
